Map: Lost and Found LE

Players

PartinG

  • Race: Protoss Protoss
  • League: Master
  • Spawn Location: 7:00

GOStephano (Stephano) - Winner!

  • Race: Zerg Zerg
  • League: Master
  • Spawn Location: 1:00

Event: HomeStory Cup XVII

VOD

Have the link to the VOD?

Description

Time

  • Played on: June 30, 2018, 11:23 a.m.
  • Length: 12:02

All games in this series

Show
View Real Time Build Order
Export as new Build Order

PartinG Protoss 

Build Orders: 1 Gate Expand, Oracle Opening, Phoenix Opening, Archon Immortal, Zealot Archon, Archon Drop 

Get SALT Encoding   

  12  0:00  Probe  
  13  0:12  Probe  
  14  0:19  Pylon  
  14  0:24  Probe  
  15  0:28  Assimilator  
  15  0:34  Probe  
  15  0:42  Probe  
  16  0:43  Gateway  
  17  0:51  Probe  
  18  0:59  Probe  
  19  1:07  Probe  
  20  1:25  Nexus  
  20  1:32  Cybernetics Core  
  20  1:37  Assimilator  
  20  1:40  Probe  
  21  1:47  Pylon  
  21  1:52  Probe  
  22  2:00  Adept  
  22  2:04  Probe  
  23  2:10  Warp Gate  
  23  2:15  Stargate  
  25  2:18  Probe  
  26  2:26  Adept  
  28  2:30  Probe  
  28  2:33  Probe  
  30  2:41  Probe  
  30  2:42  Probe  
  31  2:51  Robotics Facility  
  32  2:54  Probe  
  32  2:55  Probe  
  32  2:56  Phoenix  
  36  3:08  Probe x2  
  38  3:20  Probe x2  
  38  3:22  Oracle  
  38  3:26  Pylon  
  43  3:28  Warp Prism  
  43  3:30  Assimilator  
  43  3:32  Assimilator  
  43  3:37  Probe  
  46  3:44  Probe  
  46  3:47  Twilight Council  
  47  3:49  Probe  
  48  3:55  Pylon  
  48  4:00  Probe  
  48  4:01  Probe  
  50  4:05  Gateway  
  50  4:12  Zealot  
  50  4:14  Shield Battery  
  50  4:15  Probe x2  
  54  4:22  Gateway  
  54  4:34  Probe x2  
  54  4:37  Charge  
  53  4:42  Gateway, Templar Archives  
  49  4:46  Probe  
  49  4:47  Probe  
  51  4:55  Gateway  
  51  4:57  Zealot  
  51  4:59  Probe  
  55  5:02  Gateway  
  55  5:05  Observer  
  55  5:07  Pylon  
  55  5:21  Adept x3  
  56  5:23  Probe x2  
  62  5:35  Pylon  
  62  5:39  Pylon  
  62  5:44  High Templar x3  
  62  5:46  High Templar  
  70  5:50  Nexus, Archon x2  
  70  5:52  Pylon  
  70  5:55  Zealot  
  70  5:57  Probe x2  
  74  6:05  Zealot  
  74  6:08  Pylon  
  76  6:12  Nexus, Pylon  
  76  6:15  Pylon  
  76  6:22  Zealot x5  
  75  6:33  Zealot  
  67  6:40  Immortal  
  67  6:42  Zealot x5  
  67  6:43  Probe x2  
  67  6:44  Psionic Storm  
  73  6:56  Zealot  
  71  7:10  High Templar  
  71  7:11  High Templar x4  
  81  7:26  Immortal  
  81  7:28  Nexus  
  81  7:30  Pylon  
  81  7:32  Pylon  
  81  7:35  Zealot  
  87  7:39  Robotics Facility  
  86  7:44  Zealot x2  
  86  7:45  Zealot x2  
  86  7:50  Zealot  
  86  8:03  Nexus  
  86  8:05  Pylon  
  86  8:06  Pylon  
  86  8:18  Gateway, Probe x2  
  86  8:19  Gateway  
  88  8:21  Observer  
  88  8:24  Shield Battery  
  88  8:32  Probe x2  
  88  8:33  Assimilator  
  90  8:35  Zealot x4  
  90  8:37  Assimilator  
  90  8:39  Sentry x2  
  102  8:52  Probe x2  
  104  8:58  Immortal  
  104  9:04  Immortal  
  108  9:10  Pylon  
  108  9:11  Pylon  
  108  9:12  Pylon  
  108  9:13  Pylon  
  108  9:15  Probe x2  
  106  9:25  High Templar x3  
  106  9:26  High Templar  
  106  9:30  Forge  
  106  9:31  Probe x3  
  114  9:32  Observer  
  114  9:34  Immortal  
  119  9:50  Protoss Ground Weapons Level 1  
  119  9:54  Nexus  
  119  9:57  Pylon  
  119  10:00  Immortal  
  119  10:04  Gateway  
  119  10:06  Photon Cannon  
  119  10:15  Photon Cannon  
  117  10:24  Photon Cannon x2  
  115  10:39  Photon Cannon  
  115  10:41  Photon Cannon  
  113  10:49  Zealot x7  
  104  10:52  Immortal  
  104  10:54  Immortal  
  94  11:00  Observer  
  94  11:04  Probe x2  
  91  11:07  Probe  
  94  11:12  Probe x2  
  94  11:15  Photon Cannon  
  94  11:17  Photon Cannon  
  96  11:19  Shield Battery  
  96  11:20  Probe  
  96  11:24  High Templar  
  96  11:25  High Templar x6  
  105  11:26  High Templar  
  105  11:29  Archon x4  
  113  11:34  Zealot  
Show
View Real Time Build Order
Export as new Build Order

GOStephano Zerg - Winner!

Build Orders: Hatch First 

Get SALT Encoding   

  12  0:00  Drone  
  13  0:13  Overlord  
  13  0:18  Drone  
  14  0:31  Drone x2  
  16  0:48  Hatchery  
  15  0:51  Drone  
  15  0:54  Drone  
  17  0:58  Drone  
  18  1:08  Extractor  
  17  1:13  Spawning Pool  
  17  1:17  Drone  
  17  1:19  Drone  
  18  1:29  Drone  
  19  1:39  Drone  
  20  1:50  Drone  
  21  1:59  Queen x2  
  21  2:00  Zergling x2  
  26  2:01  Overlord  
  26  2:11  Drone  
  26  2:12  Metabolic Boost, Drone  
  28  2:29  Drone x2  
  30  2:31  Hatchery  
  29  2:38  Queen  
  29  2:43  Zergling x2  
  32  2:46  Overlord  
  32  2:48  Drone  
  32  2:50  Drone  
  34  2:56  Drone  
  35  2:59  Drone  
  35  3:05  Overlord  
  36  3:08  Drone x2  
  36  3:09  Drone x3  
  41  3:14  Drone, Evolution Chamber  
  41  3:21  Queen  
  41  3:25  Spore Crawler, Drone  
  43  3:30  Drone x2  
  43  3:33  Drone x2  
  47  3:42  Zerg Melee Weapons Level 1  
  47  3:43  Drone x3  
  47  3:47  Queen  
  52  3:51  Overlord  
  52  4:02  Spore Crawler  
  51  4:05  Spore Crawler, Overlord  
  51  4:09  Overlord, Queen  
  52  4:14  Zergling x2  
  52  4:15  Zergling x8  
  57  4:18  Spine Crawler  
  57  4:20  Zergling x2  
  57  4:22  Overlord  
  58  4:28  Extractor  
  58  4:29  Spore Crawler  
  54  4:34  Zergling x16  
  63  4:42  Lair  
  63  4:45  Spore Crawler  
  61  4:47  Drone x4  
  61  4:49  Overlord  
  65  4:53  Drone  
  66  5:03  Drone x5  
  71  5:12  Spine Crawler  
  71  5:14  Spine Crawler  
  69  5:18  Zergling x14  
  74  5:29  Queen  
  74  5:30  Queen  
  74  5:33  Drone x7  
  87  5:39  Overlord, Queen  
  89  5:59  Zergling x2  
  89  6:00  Zergling x16  
  97  6:06  Hatchery, Extractor  
  97  6:07  Extractor  
  94  6:12  Zergling x8  
  94  6:16  Overlord x2  
  98  6:24  Overlord x3  
  89  6:34  Zergling x4  
  82  6:40  Zergling x2  
  82  6:41  Zergling x12  
  88  6:51  Zergling x14  
  88  6:54  Zerg Melee Weapons Level 2  
  91  6:56  Hydralisk Den  
  91  6:58  Zergling x8  
  93  7:02  Spine Crawler x2  
  93  7:03  Spine Crawler, Zergling x2  
  90  7:09  Drone x2  
  90  7:12  Extractor  
  90  7:13  Drone x4, Extractor  
  92  7:20  Drone x4  
  92  7:34  Drone x6  
  92  7:36  Muscular Augments, Extractor  
  97  7:43  Hydralisk  
  97  7:44  Hydralisk x3  
  97  7:52  Hydralisk x3  
  101  8:06  Overlord, Drone x3  
  101  8:10  Baneling Nest, Drone x6  
  109  8:13  Hydralisk x2  
  109  8:14  Hydralisk  
  115  8:25  Hydralisk x4  
  123  8:32  Drone x5  
  128  8:35  Overlord  
  128  8:36  Overlord  
  128  8:41  Overseer  
  128  8:45  Hydralisk x3  
  128  8:47  Grooved Spines  
  133  8:58  Zergling x24  
  133  9:01  Centrifical Hooks  
  145  9:12  Baneling x18  
  143  9:19  Zergling x2  
  143  9:20  Zergling x16  
  152  9:26  Zergling x12  
  152  9:30  Zerg Missile Weapons Level 1  
  158  9:40  Overlord x2  
  158  9:43  Hatchery  
  157  9:55  Overlord  
  157  10:03  Hydralisk x7  
  157  10:05  Zergling x8  
  173  10:22  Zergling x22  
  173  10:27  Baneling x10  
  173  10:28  Baneling x8  
  184  10:29  Overlord x2  
  175  10:43  Zergling x6  
  175  10:48  Zergling x24  
  173  10:55  Zergling x6  
  164  11:01  Zergling x12  
  164  11:06  Baneling x3  
  164  11:07  Baneling x8  
  164  11:10  Zergling x16  
  172  11:14  Zergling x4  
  172  11:17  Baneling x12  
  174  11:18  Overseer  
  174  11:19  Overseer x2  
  174  11:20  Zergling x10  
  179  11:29  Zergling x8  
  182  11:42  Zergling x24  
  182  11:43  Zergling x2  
  182  11:44  Baneling x2  
Tags
 
Add a new tag
Caveats
  • Supply blocks, unpowered buildings, or Contaminate may cause inaccurate times.
  • Supply counts are checked every 10 seconds.